 Dungeon Crawl Stone Soup version 0.31-a0-152-g6aa68a64a1 (webtiles) character file.

Game seed: 17579562022192101494

368 qw the Shooter (level 6, -3/57 HPs)
             Began as a Naga Hunter on June 9, 2023.
             Slain by a kobold brigand
             ... wielding a +0 whip
              (7 damage)
             ... on level 5 of the Dungeon.
             The game lasted 00:01:06 (3282 turns).

qw the Shooter (Naga Hunter)                        Turns: 3282, Time: 00:01:07

Health: -3/57      AC:  7    Str: 13    XL:     6   Next: 69%
Magic:  6/6        EV:  9    Int: 10    God:
Gold:   304        SH:  0    Dex: 16    Spells: 5/5 levels left

rFire   . . .        Y - +1 shortbow
rCold   . . .        (shield currently unavailable)
rNeg    . . .        c - +0 leather armour
rPois   +            (no helmet)
rElec   .            (no cloak)
rCorr   .            (no gloves)
SInv    +            (no barding)
Will    .....        (no amulet)
Stlth   ++           d - +4 ring of protection
HPRegen 0.29/turn    (no ring)
MPRegen 0.10/turn

%: no passive effects
@: about to teleport, short of breath, very slow
A: AC +2, large, see invisible, deformed body, poison resistance, slowness 2,
spit poison 1, naga tail 1
a: Spit Poison


You were on level 5 of the Dungeon.
You visited 1 branch of the dungeon, and saw 5 of its levels.

You collected 304 gold pieces.


Innate Abilities, Weirdness & Mutations

Your serpentine skin is tough. (AC +2)
You have supernaturally acute eyesight. (SInv)
Armour fits poorly on your strangely shaped body.
Your system is resistant to poisons. (rPois)
You cover ground very slowly.
You can spit poison.
You have a snake-like lower body.


   Skills:
 - Level 4.2 Fighting
 + Level 6.2 Ranged Weapons
 - Level 1.5 Dodging
 - Level 1.5 Stealth


You had 5 spell levels left.
You didn't know any spells.
Your spell library was empty.

Inventory:

Hand Weapons
 Y - a +1 shortbow (weapon)
Armour
 c - a +0 leather armour (worn)
Jewellery
 d - a +4 ring of protection (left hand)
Scrolls
 a - a scroll of amnesia {unknown}
 h - a scroll of immolation {unknown}
Potions
 b - 2 potions of curing
 e - a potion of cancellation {unknown}
 g - a potion of lignification {unknown}
 i - a potion of invisibility {unknown}

Dungeon Overview and Level Annotations

Branches:
Dungeon (5/15)
 Temple: D:4-7

Altars:
Ashenzari
Cheibriados
Hepliaklqana
Kikubaaqudgha
Xom
Zin

Shops:
D:3 ::


Message History

The ufetubus hits you. The ufetubus closely misses you.
You shoot an arrow. The arrow hits the kobold brigand.
The kobold brigand is severely wounded.
You have got your breath back.
The ufetubus barely misses you. The ufetubus misses you.
The kobold brigand hits you with a +0 whip.
The ufetubus barely misses you.
The ufetubus hits you but does no damage.
3278 ||| INVOKING Spit Poison.
Aiming: Spit Poison (1% risk of failure)
Press: ? - help, Shift-Dir - straight line, f/p - kobold brigand The splash of poison misses the kobold brigand.
The ufetubus closely misses you. The ufetubus barely misses you.
The kobold brigand closely misses you.
You shoot an arrow.
The arrow barely misses the kobold brigand.
The kobold brigand looks more healthy.
The ufetubus hits you. The ufetubus misses you.
The kobold brigand hits you with a +0 whip!
The ufetubus hits you but does no damage. x2
3280 ||| READING scroll of teleportation.
As you read the scroll of teleportation, it crumbles to dust.
You feel strangely unstable. The ufetubus closely misses you.
The ufetubus hits you.
The kobold brigand hits you with a +0 whip.
You shoot an arrow.
The arrow barely misses the kobold brigand.
You have got your breath back.
The ufetubus hits you but does no damage.
The ufetubus barely misses you.
The kobold brigand hits you but does no damage.
The ufetubus hits you but does no damage.
The ufetubus closely misses you.
3282 ||| INVOKING Spit Poison.
Aiming: Spit Poison (1% risk of failure)
Press: ? - help, Shift-Dir - straight line, f/p - kobold brigand The splash of poison misses the kobold brigand.
The ufetubus closely misses you. The ufetubus barely misses you.
The kobold brigand hits you with a +0 whip!
You die...

####....#######.#
#..#.........#
#####.#.........#
......'.........#
......#.........#
......#.........#
......#.........#
......#.........##
......#.........@#
......#........#5KoK#
############....oS#o.#
######o...# o....#
)...># )..### ...+


You could see a kobold brigand, an orc wizard, an adder, 4 orcs, an ufetubus and
a kobold.

Vanquished Creatures
  A black bear (D:5)
  2 hounds
  Natasha (thrice) (D:2)
  4 adders
  A white imp (D:3)
  3 worms
  A dart slug (D:1)
  5 orcs
  5 bats
  7 endoplasms
  A giant cockroach (D:2)
  4 goblins
  11 hobgoblins
  8 jackals
  12 kobolds
  3 quokkas (D:2)
  7 ball pythons
  A frilled lizard (D:3)
  4 rats
  A rat zombie (D:4)
84 creatures vanquished.

Notes
Turn   | Place    | Note
-------+----------+-------------------------------------------
     0 | D:1      | qw the Naga Hunter began the quest for the Orb.
     0 | D:1      | Reached XP level 1. HP: 19/19 MP: 1/1
     0 | D:1      | 0 ||| qw: Version: 0.2-a-122-gbc61b45
     0 | D:1      | 0 ||| qw: Game counter: 3366
     0 | D:1      | 0 ||| qw: Always use a shield: true
     0 | D:1      | 0 ||| qw: God list: Okawaru
     0 | D:1      | 0 ||| qw: Allow faded altars: false
     0 | D:1      | 0 ||| qw: Do Orc after D:15 true
     0 | D:1      | 0 ||| qw: Do second Lair branch before Depths: true
     0 | D:1      | 0 ||| qw: Lair rune preference: random
     0 | D:1      | 0 ||| qw: Plans: Normal
     0 | D:1      | 0 ||| PLANNING D:1-11
     8 | D:1      | 8 ||| INVOKING Spit Poison.
    14 | D:1      | 14 ||| INVOKING Spit Poison.
    17 | D:1      | 17 ||| INVOKING Spit Poison.
    78 | D:1      | 78 ||| INVOKING Spit Poison.
    79 | D:1      | Reached skill level 4 in Ranged Weapons
    79 | D:1      | Reached XP level 2. HP: 26/26 MP: 2/2
   145 | D:1      | 145 ||| INVOKING Spit Poison.
   167 | D:1      | 167 ||| INVOKING Spit Poison.
   206 | D:1      | 206 ||| INVOKING Spit Poison.
   308 | D:1      | 308 ||| INVOKING Spit Poison.
   324 | D:1      | 324 ||| INVOKING Spit Poison.
   345 | D:1      | 345 ||| INVOKING Spit Poison.
   366 | D:1      | 366 ||| INVOKING Spit Poison.
   491 | D:1      | 491 ||| DROPPING ring of flight.
   492 | D:1      | 492 ||| READING scroll labelled MIJITICLOQ.
   493 | D:1      | 493 ||| READING scroll labelled ERAMOE ROCUERU.
   497 | D:1      | 497 ||| READING scroll labelled MISEONIETOTWI.
   498 | D:1      | 498 ||| DROPPING scroll of butterflies.
   522 | D:2      | 522 ||| INVOKING Spit Poison.
   523 | D:2      | Reached XP level 3. HP: 32/32 MP: 3/3
   535 | D:2      | 535 ||| INVOKING Spit Poison.
   590 | D:2      | 590 ||| INVOKING Spit Poison.
   626 | D:2      | 626 ||| INVOKING Spit Poison.
   636 | D:2      | 636 ||| INVOKING Spit Poison.
   646 | D:2      | 646 ||| INVOKING Spit Poison.
   664 | D:2      | 664 ||| INVOKING Spit Poison.
   683 | D:2      | 683 ||| INVOKING Spit Poison.
   687 | D:2      | 687 ||| INVOKING Spit Poison.
   717 | D:2      | Found a shimmering altar of Xom.
   743 | D:2      | 743 ||| INVOKING Spit Poison.
   800 | D:2      | 800 ||| INVOKING Spit Poison.
   806 | D:2      | 806 ||| INVOKING Spit Poison.
   883 | D:2      | Noticed Natasha
   886 | D:2      | 886 ||| INVOKING Spit Poison.
   892 | D:2      | 892 ||| INVOKING Spit Poison.
   892 | D:2      | Killed Natasha
   893 | D:2      | Reached skill level 5 in Ranged Weapons
   893 | D:2      | Reached XP level 4. HP: 31/39 MP: 4/4
   939 | D:2      | 939 ||| INVOKING Spit Poison.
   963 | D:2      | 963 ||| INVOKING Spit Poison.
   986 | D:2      | Noticed Natasha
   988 | D:2      | 988 ||| INVOKING Spit Poison.
   988 | D:2      | Killed Natasha
  1005 | D:2      | Noticed Natasha
  1007 | D:2      | 1007 ||| INVOKING Spit Poison.
  1010 | D:2      | Killed Natasha
  1011 | D:2      | Reached skill level 3 in Fighting
  1011 | D:2      | Reached XP level 5. HP: 49/49 MP: 5/5
  1056 | D:2      | 1056 ||| INVOKING Spit Poison.
  1097 | D:2      | 1097 ||| INVOKING Spit Poison.
  1101 | D:2      | 1101 ||| INVOKING Spit Poison.
  1217 | D:2      | 1217 ||| INVOKING Spit Poison.
  1244 | D:2      | 1244 ||| UPGRADING to +4 ring of protection.
  1245 | D:2      | 1245 ||| READING scroll labelled ELAENI DIGASME.
  1246 | D:2      | 1246 ||| DRINKING 3 smoky coppery potions.
  1247 | D:2      | 1247 ||| DRINKING 2 yellow potions.
  1248 | D:2      | 1248 ||| DROPPING potion of brilliance.
  1273 | D:3      | 1273 ||| INVOKING Spit Poison.
  1284 | D:3      | 1284 ||| INVOKING Spit Poison.
  1397 | D:3      | 1397 ||| INVOKING Spit Poison.
  1415 | D:3      | Found Ygruryhu's Book Shop.
  1459 | D:3      | 1459 ||| INVOKING Spit Poison.
  1479 | D:3      | 1479 ||| INVOKING Spit Poison.
  1483 | D:3      | 1483 ||| INVOKING Spit Poison.
  1486 | D:3      | 1486 ||| INVOKING Spit Poison.
  1492 | D:3      | 1492 ||| INVOKING Spit Poison.
  1546 | D:3      | 1546 ||| INVOKING Spit Poison.
  1582 | D:3      | 1582 ||| INVOKING Spit Poison.
  1590 | D:3      | Found Gokkadib's Book Emporium.
  1756 | D:3      | 1756 ||| INVOKING Spit Poison.
  1992 | D:4      | Found an ancient bone altar of Kikubaaqudgha.
  2032 | D:4      | 2032 ||| INVOKING Spit Poison.
  2036 | D:4      | 2036 ||| INVOKING Spit Poison.
  2084 | D:4      | 2084 ||| INVOKING Spit Poison.
  2086 | D:4      | Found a hazy altar of Hepliaklqana.
  2090 | D:4      | Found a snail-covered altar of Cheibriados.
  2097 | D:4      | 2097 ||| INVOKING Spit Poison.
  2176 | D:4      | Found a glowing silver altar of Zin.
  2176 | D:4      | Found a broken altar of Ashenzari.
  2209 | D:4      | 2209 ||| INVOKING Spit Poison.
  2410 | D:4      | 2410 ||| INVOKING Spit Poison.
  2413 | D:4      | 2413 ||| INVOKING Spit Poison.
  2415 | D:4      | Reached skill level 6 in Ranged Weapons
  2415 | D:4      | Reached XP level 6. HP: 56/56 MP: 6/6
  2950 | D:4      | 2950 ||| READING scroll labelled JAENITIVEO.
  2951 | D:4      | 2951 ||| READING scroll labelled REGOF UXTIC.
  3052 | D:4      | 3052 ||| READING scroll labelled URHIUF DEDO.
  3053 | D:4      | 3053 ||| READING scroll labelled VUH PUENNOTRA.
  3054 | D:4      | 3054 ||| DRINKING 2 murky cyan potions.
  3055 | D:4      | 3055 ||| DROPPING potion of enlightenment.
  3095 | D:5      | Entered Level 5 of the Dungeon
  3139 | D:5      | 3139 ||| INVOKING Spit Poison.
  3162 | D:5      | Noticed a black bear
  3166 | D:5      | 3166 ||| INVOKING Spit Poison.
  3170 | D:5      | Killed a black bear
  3227 | D:5      | 3227 ||| INVOKING Spit Poison.
  3256 | D:5      | 3256 ||| INVOKING Spit Poison.
  3263 | D:5      | 3263 ||| INVOKING Spit Poison.
  3269 | D:5      | 3269 ||| INVOKING Spit Poison.
  3272 | D:5      | 3272 ||| INVOKING Spit Poison.
  3278 | D:5      | 3278 ||| INVOKING Spit Poison.
  3279 | D:5      | HP: 9/57 [kobold brigand/+0 whip (8)]
  3280 | D:5      | 3280 ||| READING scroll of teleportation.
  3280 | D:5      | HP: 3/57 [kobold brigand/+0 whip (3)]
  3282 | D:5      | 3282 ||| INVOKING Spit Poison.
  3282 | D:5      | Slain by a kobold brigand

Levels and vault maps discovered:
D:1:      amcnicky_arrival_choice, layout_rooms, minivault_14,
          nicolae_concentric_dashed_squares_wild, minmay_misc_feat_alley
D:2:      layout_basic, basic_altar, minmay_quadrilaterals, uniq_natasha
D:3:      layout_basic, serial_shops, nicolae_shop_tiny_statue_garden, shop,
          minmay_crystal_water, st_stairs_4, chequers_serial_rivers_small_b,
          kennysheep_cross_room
D:4:      layout_layer_cave, lemuel_zombie_altar_kikubaaqudgha,
          mainiacjoe_overflow_catwalk_spiral, minitemple,
          chequers_serial_rivers_marsh
D:5:      layout_basic, marbit_many_paths, okawaru_gym_becter

Skill      XL: |  1  2  3  4  5  6 |
---------------+-------------------+-----
Ranged Weapons | 4 5 6 |  6.2
Fighting       | 3 4 |  4.2
Dodging        | |  1.5
Stealth        | |  1.5

Action                     |  1- 3 |  4- 6 || total
---------------------------+-------+-------++-------
   Fire: Shortbow          |    57 |   116 ||   173
Ability: Spit Poison       |    25 |    35 ||    60
    Use: Scroll            |     3 |     6 ||     9
         Potion            |       |     3 ||     3
 Armour: Leather armour    |     5 |    29 ||    34
  Dodge: Dodged            |     7 |    42 ||    49

Table legend:
 A = Non-vault XP
 B = Vault XP
 C = Vault XP percentage of total XP
 D = Non-vault monster count
 E = Vault monster count
 F = Vault count percentage of total count
                 A         B        C        D         E       F
            +---------+---------+-------+---------+---------+-------
      Total |     472 |      54 |  10.3 |      74 |      10 |  11.9
            +---------+---------+-------+---------+---------+-------
        D:1 |      30 |       0 |   0.0 |      15 |       0 |   0.0
        D:2 |     127 |      46 |  26.6 |      22 |       5 |  18.5
        D:3 |      48 |       7 |  12.7 |      12 |       4 |  25.0
        D:4 |      68 |       1 |   1.4 |      15 |       1 |   6.2
        D:5 |     199 |       0 |   0.0 |      10 |       0 |   0.0
            +---------+---------+-------+---------+---------+-------
